 Dungeon Crawl Stone Soup version 0.32-a0-391-gce5c0aab1b (webtiles) character file.

Game seed: 12969697286960471518

342 PriceMaster the Magician (level 6, 0/28 HPs)
             Began as a Spriggan Conjurer on Feb 19, 2024.
             Succumbed to poison
             ... on level 4 of the Dungeon.
             The game lasted 00:04:24 (3220 turns).

PriceMaster the Magician (Spriggan Conjurer)        Turns: 3220, Time: 00:04:25

Health: 0/28       AC:  2    Str:  3    XL:     6   Next: 30%
Magic:  0/14       EV: 17    Int: 21    God:
Gold:   168        SH:  0    Dex: 14    Spells: 7/14 levels left

rFire   . . .        o - +0 short sword
rCold   . . .        (no shield)
rNeg    . . .        a - +0 robe
rPois   .            (helmet restricted)
rElec   .            (no cloak)
rCorr   .            (gloves unavailable)
SInv    +            (boots unavailable)
Will    +....        r - amulet of the acrobat
Stlth   ++           n - ring of wizardry
HPRegen 0.24/turn    (no ring)
MPRegen 0.14/turn

%: acrobat, wizardry (x1)
@: brilliant, lethally poisoned (0 -> -14), attractive, very slightly
contaminated, very quick
A: very small, no large weapons, unfitting armour, see invisible, speed 3
a: no special abilities


You were on level 4 of the Dungeon.
You visited 1 branch of the dungeon, and saw 4 of its levels.

You collected 168 gold pieces.

Inventory:

Hand Weapons
 o - a +0 short sword (weapon)
Missiles
 k - a throwing net
Armour
 a - a +0 robe (worn)
 l - the +2 scale mail "Iril" {Harm Regen+}
   (You found it on level 2 of the Dungeon)

   Regen+:    It increases your rate of health regeneration.
   Harm:      It increases damage dealt and taken.
Jewellery
 n - a ring of wizardry (left hand)
 p - an amulet of faith
 r - an amulet of the acrobat (around neck)
 t - an amulet of magic regeneration
Wands
 b - a wand of paralysis (6)
Scrolls
 g - a scroll of butterflies {unknown}
 i - 2 scrolls of teleportation {unknown}
 j - a scroll of immolation {unknown}
 m - a scroll of fear {unknown}
 s - 2 scrolls of enchant weapon {unknown}
Potions
 e - a potion of brilliance


   Skills:
 + Level 0.1 Fighting
 + Level 0.7 Short Blades
 + Level 3.5 Dodging
 + Level 3.5 Stealth
 + Level 4.9 Spellcasting
 + Level 4.7 Conjurations


You had 7 spell levels left.
You knew the following spells:

 Your Spells              Type           Power      Damage    Failure   Level
a - Magic Dart            Conj           100%       1d8       1%          1
b - Searing Ray           Conj           74%        2d7       1%          2
c - Fulminant Prism       Conj/Alch      11%        3d8       16%         4

Your spell library contained the following spells:

 Spells                   Type           Power      Damage    Failure   Level
 Iskenderun's Mystic Bla  Conj/Tloc      22%        2d6       16%         4


Dungeon Overview and Level Annotations

Branches:
Dungeon (4/15)             Temple (0/1) D:4

Altars:

Annotations:
D:4 Edmund


Innate Abilities, Weirdness & Mutations

You are very small and have problems with some larger weapons.
You are too small for most types of armour.
You have supernaturally acute eyesight. (SInv)
You cover ground extremely quickly. (Speed+++)


Message History

A gnoll comes into view. It is wielding a +0 spear.
The jackal barely misses you. The hobgoblin is attracted toward you.
The gnoll bouda is attracted toward you.
The gnoll is attracted toward you.
Unknown command.
Casting: Searing Ray (safe; 1% risk of failure)
Confirm with . or Enter, or press ? or * to list all spells.
Aiming: Fulminant Prism (extremely dangerous; 16% risk of failure)
Press: ? - help, Dir - move target, p - Edmund You feel a surge of power!
You miscast Fulminant Prism.
You are very lightly contaminated with residual magic.
There is a flash of cinnabar.
You are lethally poisoned!
* * * LOW HITPOINT WARNING * * *
You feel very sick.
The jackal bites you but does no damage.
The gnoll bouda barks out a call to the hunt!
The gnolls pick up the pace!
Casting: Fulminant Prism (extremely dangerous; 16% risk of failure)
Confirm with . or Enter, or press ? or * to list all spells.
You don't have enough magic to cast this spell.
Unknown command.
Casting: Fulminant Prism (extremely dangerous; 16% risk of failure)
Confirm with . or Enter, or press ? or * to list all spells.
You don't have enough magic to cast this spell.
Casting: Fulminant Prism (extremely dangerous; 16% risk of failure)
Confirm with . or Enter, or press ? or * to list all spells.
You don't know that spell.
Okay, then.
* * * LOW HITPOINT WARNING * * *
You feel very sick. The jackal attacks as it pursues you!
The jackal completely misses you. The gnoll is attracted toward you.
Aiming: Paralyse
Press: ? - help, Shift-Dir - straight line, f - Edmund
Aim: Edmund, wielding a +6 flail of protection and wearing a +0 chain mail (heavily wounded, chance to affect: 49%)
Okay, then.
You hit the jackal.
You kill the jackal!
You die...

#.....##.<....#........
#.....##......#..†.....
...#.....##......#........
#..#.....##......#........
#..#.....##......#........
#..#.....##......#.g.§....
#..#.....##).....#ggg.....
#..+......†......#@gg§§.§.
#.##.....##.†...@.####)...
....######..##.##..## g
#.#..# #.##...##..# #.##.#
#.#.###.#..### .......
#.#..|..#....# ..####..
#.#.###.#.##.# ..#
.....##...##.##.# ....
###..##.##.....# ......
#.......#####


You could see Edmund, a gnoll bouda, 2 gnolls and a hobgoblin.

Vanquished Creatures
  A phantom (D:4)
  A scorpion (D:4)
  Ijyb (D:3)
  5 adders
  A gnoll (D:4)
  A dart slug (D:2)
  2 ribbon worms
  An orc (D:3)
  6 ball pythons
  7 endoplasms
  2 giant cockroaches
  9 goblins
  6 hobgoblins
  4 jackals (D:4)
  3 quokkas
  5 bats
  2 frilled lizards
  9 kobolds
  4 rats
70 creatures vanquished.

Vanquished Creatures (others)
  A fulminant prism (D:4)
1 creature vanquished.

Grand Total: 71 creatures vanquished

Notes
Turn   | Place    | Note
-------+----------+-------------------------------------------
     0 | D:1      | PriceMaster the Spriggan Conjurer began the quest for the
                  | Orb.
     0 | D:1      | Reached XP level 1. HP: 9/9 MP: 5/5
   113 | D:1      | Reached XP level 2. HP: 13/13 MP: 3/6
   341 | D:1      | Reached XP level 3. HP: 16/16 MP: 6/8
   872 | D:1      | Learned a level 2 spell: Searing Ray
  1165 | D:2      | Reached XP level 4. HP: 21/21 MP: 6/9
  1443 | D:2      | Learned a level 4 spell: Fulminant Prism
  1738 | D:2      | Found a faded altar of an unknown god.
  1868 | D:2      | Identified the +2 scale mail "Iril" {Harm Regen+}
  2508 | D:3      | Noticed Ijyb
  2511 | D:3      | Paralysed by Ijyb for 2 turns
  2529 | D:3      | Paralysed by Ijyb for 2 turns
  2538 | D:3      | Killed Ijyb
  2539 | D:3      | Reached XP level 5. HP: 21/24 MP: 2/12
  2629 | D:4      | Noticed a phantom
  2637 | D:4      | Killed a phantom
  2948 | D:4      | Found a staircase to the Ecumenical Temple.
  3038 | D:4      | Upgraded the game from 0.32-a0-361-g289a535e89 to
                  | 0.32-a0-391-gce5c0aab1b
  3052 | D:4      | Reached XP level 6. HP: 8/28 MP: 2/14
  3059 | D:4      | HP: 1/28 [poisoned by a scorpion]
  3178 | D:4      | Identified the staff of Eternal Night {rF+ rC+ Summ Ice}
  3210 | D:4      | Noticed Edmund
  3220 | D:4      | Succumbed to poison

Illustrated notes

Levels and vault maps discovered:
D:1:      ncdulo_smallfort, layout_basic, st_stairs_5, serial_park_tiny_1
D:2:      layout_basic, nicolae_ecumenical_lake_church, kennysheep_cross_room
D:3:      layout_rooms, uniq_ijyb
D:4:      layout_basic, minmay_temple_entry_mini_moons, minmay_checkerbox,
          uniq_edmund

Skill      XL: |  1  2  3  4 |
---------------+-------------+-----
Conjurations   | 3 4 |  4.7
Dodging        | 3 |  3.5
Spellcasting   | 3 4 |  4.9
Fighting       | |  0.1
Short Blades   | |  0.7
Stealth        | |  3.5

Action                     |  1- 3 |  4- 6 || total
---------------------------+-------+-------++-------
  Melee: Short sword       |       |    17 ||    17
   Cast: Magic Dart        |    42 |    82 ||   124
         Searing Ray       |     1 |    12 ||    13
         Fulminant Prism   |       |     1 ||     1
  Evoke: Wand              |       |     1 ||     1
    Use: Potion            |     1 |     5 ||     6
         Scroll            |       |     2 ||     2
   Stab: Paralysed         |       |     1 ||     1
 Armour: Robe              |     1 |    15 ||    16
  Dodge: Dodged            |     5 |    27 ||    32

Table legend: (Time is in decaauts)
 A = Elapsed time spent in this place.
 B = Non-inter-level travel time spent in this place.
 C = Inter-level travel time spent in this place.
 D = Time resting spent in this place.
 E = Time spent auto-exploring this place.
 F = Levels seen in this place.
 G = Mean time per level.
                   A        B        C        D        E       F      G
               +--------+--------+--------+--------+--------+-----+--------+
         Total |   2501 |   2460 |     41 |     67 |   2082 |   4 |  625.2 |
       Dungeon |   2501 |   2460 |     41 |     67 |   2082 |   4 |  625.2 |
               +--------+--------+--------+--------+--------+-----+--------+

Top non-repeatable levels by time:
     D:2: 789 daAuts
     D:1: 654 daAuts
     D:3: 551 daAuts
     D:4: 506 daAuts
